 Dungeon Crawl Stone Soup version 0.31.0-9-g3a7656b989 (webtiles) character file.

Game seed: 14098491791794035506

38 SnakkuSnakku7 the Cudgeller (level 3, -1/30 HPs)
             Began as a Djinni Monk on Jan 24, 2024.
             Slain by a ribbon worm (8 damage)
             ... on level 1 of the Dungeon.
             The game lasted 00:01:05 (728 turns).

SnakkuSnakku7 the Cudgeller (Djinni Monk)            Turns: 728, Time: 00:01:06

Health: -1/30      AC:  2    Str: 12    XL:     3   Next: 65%
Gold:   46         EV: 13    Int: 11    God:
                   SH:  0    Dex: 15

rFire   + + .        a - +0 mace
rCold   x . .        d - orb {light}
rNeg    . . .        b - +0 robe
rPois   ∞            (no helmet)
rElec   .            (no cloak)
rCorr   .            (no gloves)
SInv    .            (boots unavailable)
Will    .....        (no amulet)
Stlth   +            (no ring)
HPRegen 0.25/turn    (no ring)
MPRegen 0.00/turn

%: infuse magic (-2 HP)
@: flying, glowing
A: sickness immunity, fire resistance 2, cold vulnerability 1, float, innate
caster, HP casting, extra vitality 1
a: no special abilities


You were on level 1 of the Dungeon.
You visited 1 branch of the dungeon, and saw 2 of its levels.

You collected 46 gold pieces.

Inventory:

Hand Weapons
 a - a +0 mace (weapon)
Armour
 b - a +0 robe (worn)
 d - an orb of light (worn)
Jewellery
 g - an amulet of faith
Scrolls
 e - a scroll of teleportation {unknown}
 f - a scroll of amnesia {unknown}
 h - 3 scrolls of identify {unknown}
 j - 3 scrolls of noise {unknown}
 k - a scroll of fear {unknown}
Potions
 c - a potion of ambrosia
 i - 2 potions of berserk rage {unknown}
 l - a potion of curing {unknown}
 m - a potion of mutation {unknown}


   Skills:
 - Level 3.0 Fighting
 + Level 3.6 Maces & Flails
 - Level 3.2 Dodging


You knew the following spells:

 Your Spells              Type           Power      Damage    Failure   Level
a - Sandblast             Erth           0%         2d4       34%         1
Your spell library was empty.

Dungeon Overview and Level Annotations

Branches:
Dungeon (2/15)

Altars:


Innate Abilities, Weirdness & Mutations

You are immune to sickness and miasma.
You are immune to poison.
Your flesh is very heat resistant. (rF++)
You are vulnerable to cold. (rC-)
You float through the air rather than walking.
You learn spells naturally, not from books.
Your magical power is your life essence.
You have superior vitality. (+4 MHP)


Message History

You see here a +0 dagger.
There is a stone staircase leading down here.
You start resting.
HP restored.
You fly downwards.
There is a stone staircase leading up here.
Unknown command.
Unknown command.
The ribbon worm expels a string of sticky webbing.
The stream of webbing hits you but does no damage.
You are caught in a web!
You fly upwards.
There is a stone staircase leading down here.
You hit the ribbon worm.
The ribbon worm is lightly wounded.
The ribbon worm barely misses you.
You sock the ribbon worm!
The ribbon worm is heavily wounded.
The ribbon worm bites you.
You hit the ribbon worm.
The ribbon worm is severely wounded.
The ribbon worm expels a string of sticky webbing.
The stream of webbing misses you.
You hit the ribbon worm.
The ribbon worm is severely wounded.
The ribbon worm bites you.
You completely miss the ribbon worm.
The ribbon worm is severely wounded.
The ribbon worm bites you!
You hit the ribbon worm.
The ribbon worm is severely wounded.
The ribbon worm bites you but does no damage.
You hit the ribbon worm but do no damage.
The ribbon worm is heavily wounded.
The ribbon worm bites you!
* * * LOW HITPOINT WARNING * * *
You hit the ribbon worm.
The ribbon worm is severely wounded.
The ribbon worm bites you!
You die...

#.....#....
###........
#####.......
#######........÷..
#.....).###.......
#.......# #.#.....
#.......# #.##....
#w......# #.#.....
#@......# ###.....
#.).....# #.....
######### #.....
#..... ##....
##... ####


You could see a ribbon worm.

Vanquished Creatures
  A dart slug (D:1)
  2 orcs
  2 endoplasms (D:1)
  2 giant cockroaches
  4 hobgoblins
  2 kobolds (D:1)
  4 ball pythons
  3 bats
  2 frilled lizards
  4 goblins
  5 rats
31 creatures vanquished.

Notes
Turn   | Place    | Note
-------+----------+-------------------------------------------
     0 | D:1      | SnakkuSnakku7 the Djinni Monk began the quest for the Orb.
     0 | D:1      | Reached XP level 1. HP: 20/20 MP: 0/0
    61 | D:1      | Reached XP level 2. HP: 22/25 MP: 0/0
   317 | D:1      | Reached XP level 3. HP: 27/30 MP: 0/0
   317 | D:1      | Learned a level 1 spell: Sandblast
   728 | D:1      | Slain by a ribbon worm

Illustrated notes

Levels and vault maps discovered:
D:1:      spicycebolla_arrival_ecumenical, layout_rooms
D:2:      layout_loops_cross

Skill      XL: |  1  2 |
---------------+-------+-----
Maces & Flails | 3 |  3.6
Fighting       | |  3.0
Dodging        | |  3.2

Action                     || total
---------------------------++-------
  Melee: Mace              ||    78
 Armour: Robe              ||    54
  Dodge: Dodged            ||    87
